Map: [ESL] Inside and Out

Players

herO

  • Race: Protoss Protoss
  • Spawn Location: 7:00

Maru - Winner!

  • Race: Terran Terran
  • Spawn Location: 1:00

Event: DreamHack SC2 Masters 2022 Valencia

VOD

https://youtu.be/CMI2b9FrPyU

Description

Time

  • Played on: July 1, 2022, 2:37 p.m.
  • Length: 13:07

All games in this series

Show
View Real Time Build Order
Export as new Build Order

herO Protoss 

Build Orders: 1 Gate Expand, Phoenix Opening 

Get SALT Encoding   

  12  0:00  Probe  
  13  0:12  Probe  
  14  0:19  Pylon  
  14  0:24  Probe  
  15  0:37  Probe (Chrono Boost)  
  15  0:40  Gateway  
  16  0:46  Probe (Chrono Boost)  
  16  0:48  Assimilator  
  17  0:51  Probe (Chrono Boost)  
  18  1:03  Probe  
  19  1:15  Probe  
  20  1:26  Nexus  
  20  1:35  Cybernetics Core  
  20  1:40  Assimilator  
  20  1:43  Probe  
  21  1:51  Pylon  
  21  1:55  Probe  
  22  2:08  Probe  
  23  2:09  Adept (Chrono Boost)  
  25  2:16  Stargate  
  25  2:20  Probe  
  25  2:22  Warp Gate  
  26  2:31  Adept (Chrono Boost)  
  26  2:32  Probe  
  29  2:38  Probe  
  31  2:44  Probe  
  31  2:52  Adept (Chrono Boost), Probe  
  31  2:56  Probe  
  34  2:58  Phoenix (Chrono Boost)  
  34  3:04  Probe  
  37  3:08  Probe  
  38  3:13  Pylon  
  38  3:16  Probe  
  39  3:20  Probe  
  39  3:25  Twilight Council  
  40  3:29  Probe  
  40  3:32  Probe  
  42  3:36  Gateway  
  42  3:41  Gateway  
  42  3:46  Probe x2  
  44  3:58  Probe x2  
  46  4:03  Blink (Chrono Boost)  
  46  4:11  Nexus  
  46  4:17  Pylon, Probe x2  
  46  4:22  Stalker  
  50  4:28  Pylon  
  50  4:31  Probe  
  50  4:32  Probe  
  50  4:37  Gateway  
  52  4:41  Stalker  
  52  4:42  Stalker  
  54  4:47  Probe x2  
  54  4:51  Shield Battery  
  56  4:53  Shield Battery  
  56  4:55  Stalker  
  58  5:05  Probe x2  
  60  5:07  Stalker x2  
  60  5:12  Assimilator  
  64  5:18  Probe x2  
  66  5:24  Probe, Forge  
  67  5:30  Stalker x3  
  67  5:33  Stalker  
  75  5:38  Pylon  
  75  5:41  Probe x2  
  75  5:42  Probe  
  78  5:45  Charge (Chrono Boost)  
  78  5:57  Stalker x4  
  78  6:00  Probe  
  78  6:01  Probe x2  
  89  6:06  Pylon  
  85  6:24  Probe x3  
  85  6:25  Adept x4  
  96  6:28  Gateway x2  
  94  6:36  Protoss Ground Armor Level 1 (Chrono Boost)  
  92  6:45  Gateway  
  92  6:46  Gateway  
  90  6:48  Robotics Facility  
  90  6:51  Zealot x4  
  94  7:03  Probe x3  
  94  7:07  Pylon  
  93  7:11  Sentry  
  93  7:12  Zealot x3  
  93  7:15  Pylon  
  101  7:16  Pylon  
  101  7:26  Stalker x2, Pylon  
  101  7:27  Pylon  
  105  7:30  Zealot  
  105  7:31  Zealot  
  105  7:35  Pylon, Zealot x2  
  113  7:39  Pylon  
  105  7:49  Zealot x6  
  105  7:51  Warp Prism (Chrono Boost)  
  115  7:55  Zealot  
  101  8:17  Probe  
  101  8:18  Probe x2  
  104  8:20  Sentry x3, Zealot x5  
  120  8:27  Nexus  
  120  8:31  Pylon  
  120  8:32  Dark Shrine  
  120  8:34  Immortal (Chrono Boost)  
  124  8:44  Probe x3  
  127  8:52  Pylon  
  127  8:58  Pylon, Probe x3  
  130  9:06  Zealot x7  
  130  9:07  Zealot  
  130  9:23  Immortal (Chrono Boost)  
  116  9:34  Sentry x3  
  116  9:35  Zealot x4  
  124  9:39  Probe x4  
  126  9:49  Gateway  
  126  9:50  Gateway  
  126  9:51  Probe x4, Assimilator  
  126  9:52  Assimilator  
  130  9:56  Observer (Chrono Boost)  
  131  10:03  Probe  
  131  10:05  Observer, Sentry, Zealot x4  
  131  10:06  Zealot x2  
  118  10:15  Immortal (Chrono Boost)  
  109  10:28  Dark Templar x3  
  109  10:35  Zealot x4  
  93  10:45  Zealot x2  
  87  10:56  Zealot x3  
  78  11:05  Zealot x5  
  78  11:11  Archon  
  79  11:20  Nexus  
  79  11:28  Stalker x3  
  79  11:29  Stalker  
  72  11:54  Zealot  
  45  12:10  Pylon  
  45  12:14  Stalker  
  46  12:31  Shield Battery  
  46  12:33  Shield Battery  
  46  12:35  Shield Battery  
  46  12:36  Shield Battery  
  42  12:40  Shield Battery  
  42  12:41  Shield Battery  
  42  12:43  Shield Battery  
Show
View Real Time Build Order
Export as new Build Order

Maru Terran - Winner!

Build Orders:  

Get SALT Encoding   

  12  0:00  SCV  
  13  0:12  SCV  
  14  0:17  Supply Depot  
  14  0:24  SCV  
  15  0:38  SCV  
  15  0:40  Barracks  
  16  0:44  Refinery  
  16  0:51  SCV  
  16  0:54  Refinery  
  17  1:03  SCV  
  18  1:15  SCV  
  19  1:27  Orbital Command, Reaper  
  19  1:31  Supply Depot  
  20  1:44  Factory  
  20  1:52  SCV  
  21  2:00  Barracks Reactor  
  21  2:04  SCV  
  22  2:17  SCV  
  22  2:20  Command Center  
  23  2:28  Hellion  
  23  2:29  SCV  
  26  2:38  Starport  
  26  2:41  SCV  
  27  2:44  Supply Depot  
  27  2:49  Widow Mine  
  29  2:53  SCV  
  29  2:56  Marine  
  31  3:05  SCV, Marine  
  33  3:14  Marine  
  33  3:18  SCV  
  33  3:19  Viking, Widow Mine  
  39  3:23  Marine  
  39  3:30  Supply Depot  
  39  3:32  SCV  
  40  3:40  Barracks  
  40  3:41  Marine  
  40  3:44  SCV  
  42  3:49  Factory Tech Lab  
  42  3:52  Orbital Command  
  42  3:56  SCV, Marine  
  42  4:00  Starport Tech Lab  
  44  4:08  SCV  
  45  4:10  Barracks  
  45  4:11  Marine  
  45  4:13  Marine  
  47  4:18  Raven  
  47  4:19  SCV  
  47  4:20  SCV  
  51  4:25  Engineering Bay  
  51  4:31  SCV, Marine x2  
  52  4:40  Factory Tech Lab  
  52  4:41  Marine  
  52  4:42  Factory Reactor, Stimpack  
  52  4:43  SCV  
  52  4:44  SCV  
  52  4:45  Supply Depot  
  55  4:49  Marine x2  
  57  4:53  Bunker  
  57  4:54  Terran Infantry Weapons Level 1  
  57  4:55  SCV  
  60  5:00  Marauder  
  60  5:03  SCV  
  61  5:07  Marine x2  
  61  5:08  Refinery  
  61  5:09  Starport Reactor  
  61  5:10  Marine  
  61  5:11  Combat Shield  
  61  5:12  SCV  
  65  5:14  Supply Depot  
  65  5:20  Marine  
  66  5:22  SCV  
  66  5:24  Supply Depot  
  66  5:25  Marine  
  70  5:28  Widow Mine  
  70  5:36  SCV, Widow Mine  
  70  5:37  Marine  
  70  5:38  Marauder  
  70  5:39  SCV  
  70  5:41  Supply Depot  
  77  5:44  Marine  
  77  5:46  Marauder  
  77  5:48  SCV, Medivac  
  83  5:52  Supply Depot  
  83  5:53  Medivac  
  83  5:55  Marine  
  86  6:01  Supply Depot  
  86  6:02  SCV  
  86  6:03  Marauder  
  86  6:04  Marine, Widow Mine x2  
  93  6:10  SCV  
  93  6:12  Supply Depot  
  93  6:14  SCV, Marine  
  93  6:15  Marauder  
  93  6:29  Marauder  
  93  6:31  SCV  
  91  6:36  SCV  
  87  6:43  SCV  
  87  6:47  Medivac x2  
  90  6:48  SCV, Concussive Shells  
  91  6:55  SCV  
  91  6:59  Marine, Marauder  
  91  7:01  SCV  
  92  7:06  Terran Infantry Armor Level 1  
  92  7:07  Marine  
  92  7:08  SCV, Marauder  
  95  7:13  SCV, Supply Depot  
  95  7:22  Marine, Medivac, Marauder  
  100  7:25  Marine  
  100  7:28  Supply Depot  
  100  7:29  Marauder  
  102  7:35  Widow Mine x2  
  106  7:40  Supply Depot, Marine  
  106  7:43  Marine  
  103  7:53  Medivac  
  103  7:54  Marine  
  103  7:55  Marauder  
  103  7:56  Widow Mine x2  
  103  7:58  Marine  
  113  8:01  Marine  
  106  8:12  Marine  
  107  8:13  Command Center  
  107  8:15  Marine  
  107  8:16  Medivac, Marauder  
  107  8:19  Refinery  
  112  8:22  Widow Mine x2  
  116  8:28  Marine  
  116  8:30  Marauder  
  119  8:35  Barracks  
  119  8:37  Barracks, Marine  
  119  8:38  Marauder  
  120  8:42  Medivac  
  122  8:49  Marine  
  122  8:51  Marauder  
  122  8:54  Widow Mine x2  
  127  8:58  Supply Depot  
  127  8:59  SCV, Marauder  
  130  9:06  SCV  
  130  9:08  Ghost Academy  
  131  9:11  SCV  
  131  9:13  Marauder  
  131  9:16  Marine x2  
  125  9:21  Marauder  
  125  9:22  SCV  
  125  9:23  Marine  
  124  9:30  Orbital Command  
  118  9:34  Marine x2, Marauder  
  122  9:47  Barracks Tech Lab x2  
  122  9:58  Ghost  
  122  9:59  Marine x3  
  120  10:17  Marine  
  121  10:22  Marine x4  
  121  10:27  Ghost  
  127  10:35  Marine  
  126  10:40  Marine x2  
  118  11:18  Marine x6  
  107  11:36  Marine x6  
  104  11:57  Orbital Command  
  88  12:29  Orbital Command  

Tags
 
Add a new tag
Caveats
  • Supply blocks, unpowered buildings, or Contaminate may cause inaccurate times.
  • Supply counts are checked every 10 seconds.